[Event "December 5 Early 2023"]
[Site "https://www.chess.com"]
[Date "2023.12.05"]
[Round "5"]
[White "Abdilkhair, Abilmansur"]
[Black "Yashmetov, Mikhail"]
[Result "0-1"]
[Board "142"]
[TimeControl "180+1"]
[WhiteFideId "13716417"]
[BlackFideId "24198900"]
[WhiteElo "1797"]
[BlackElo "2521"]
[WhiteTeam "KAZ"]
[BlackTeam "RUS"]
[WhiteClock "0:00:12"]
[BlackClock "0:00:04"]

1. d4 d5 2. Nc3 Nf6 3. Bf4 e6 4. Nb5 Na6 5. e3 Be7 6. g4 c6 7. Nc3 c5 8. Nb5 Bd7 9. a4 O-O 10. Bg2 Qa5+ 11. c3 Bxb5 12. axb5 Qxb5 13. g5 Ne4 14. Bxe4 dxe4 15. Qe2 Qc6 16. h4 Nc7 17. Bxc7 Qxc7 18. Qg4 cxd4 19. exd4 Qc6 20. Rh3 Qb5 21. Qe2 Qxe2+ 22. Nxe2 f5 23. Nf4 Kf7 24. f3 Bd6 25. Ng2 exf3 26. Rxf3 g6 27. Ne3 Rfe8 28. Nc4 Bc7 29. Re3 Bf4 30. Rf3 Bc7 31. Re3 a6 32. Kd1 Rad8 33. Kc2 Rd5 34. Rae1 b5 35. Ne5+ Bxe5 36. Rxe5 Rxe5 37. Rxe5 Rc8 38. Kb3 Rc4 39. Kc2 Ke7 40. b3 Rc6 41. d5 Rd6 42. c4 bxc4 43. bxc4 Kd7 44. Kc3 exd5 45. cxd5 Rb6 46. Kc4 a5 47. Re2 Rb4+ 48. Kc5 Rxh4 49. Rb2 Rh1 50. Rb7+ Kc8 51. Ra7 f4 52. Rf7 Rf1 53. Kd6 f3 54. Rf8+ Kb7 55. Kd7 f2 56. d6 a4 57. Rf7 a3 58. Kd8+ Kc6 59. d7 a2 60. Rf6+ Kb5 61. Kc8 Rc1+ 62. Kb7 Rd1 63. Rxf2 Rxd7+ 64. Kc8 a1=Q 65. Kxd7 Qe5 66. Rf7 Qxg5 67. Ke8 h5 68. Kf8 Qg4 0-1

[Event "December 5 Early 2023"]
[Site "https://www.chess.com"]
[Date "2023.12.05"]
[Round "5"]
[White "Vanek, Tomas"]
[Black "Sadubayev, Airat"]
[Result "0-1"]
[Board "143"]
[TimeControl "180+1"]
[WhiteFideId "313459"]
[BlackFideId "13713264"]
[WhiteElo "2151"]
[BlackElo "2676"]
[WhiteTeam "CZE"]
[BlackTeam "KAZ"]
[WhiteClock "0:00:00"]
[BlackClock "0:00:06"]

1. e4 c5 2. Nf3 e6 3. b3 Nc6 4. Bb2 Qc7 5. Nc3 a6 6. a4 Nf6 7. Bc4 Be7 8. Qe2 O-O 9. O-O Nd4 10. Nxd4 cxd4 11. Nd1 e5 12. f4 Bc5 13. Nf2 exf4 14. Nd3 d6 15. Rxf4 Be6 16. Raf1 Qe7 17. Nxc5 dxc5 18. e5 Nd5 19. Bxd5 Bxd5 20. d3 Rae8 21. Rf5 g6 22. R5f2 Qxe5 23. Qd2 f5 24. Bc1 Qf6 25. Qh6 Re6 26. h4 Rfe8 27. h5 Re1 28. Bg5 Qg7 29. hxg6 Qxh6 30. Bxh6 hxg6 31. Bf4 Kf7 32. Bd6 b6 33. Bc7 Rxf1+ 34. Rxf1 Re6 35. g4 Kf6 36. gxf5 gxf5 37. Rf2 Rc6 38. Bb8 b5 39. axb5 axb5 40. Bg3 c4 41. bxc4 bxc4 42. Re2 cxd3 43. cxd3 Rc3 44. Be5+ Kg6 45. Bxd4 Rxd3 46. Bf2 Be4 47. Bh4 Rd1+ 48. Be1 Kh5 49. Kf2 Kg4 50. Rd2 Ra1 51. Rb2 f4 52. Rd2 Ra3 53. Rb2 Rf3+ 54. Ke2 Rh3 55. Rb4 Rh2+ 56. Bf2 Bf3+ 57. Ke1 Rh1+ 58. Kd2 Rd1+ 59. Kc2 Rf1 60. Be3 Be2 0-1

[Event "December 5 Early 2023"]
[Site "https://www.chess.com"]
[Date "2023.12.05"]
[Round "5"]
[White "Kozelov, Roman"]
[Black "Papasimakopoulos, Alexandros"]
[Result "0-1"]
[Board "144"]
[TimeControl "180+1"]
[WhiteFideId "14133377"]
[BlackFideId "4244125"]
[WhiteElo "2435"]
[BlackElo "2649"]
[WhiteTeam "UKR"]
[BlackTeam "GRE"]
[WhiteClock "0:00:07"]
[BlackClock "0:00:31"]

1. e4 e6 2. d4 d5 3. Nc3 Bb4 4. e5 c5 5. a3 Bxc3+ 6. bxc3 Nc6 7. a4 Qa5 8. Bd2 Nge7 9. Qg4 O-O 10. Nf3 c4 11. h4 f6 12. h5 h6 13. Rh3 fxe5 14. dxe5 Nf5 15. Qg6 Bd7 16. Be2 Kh8 17. Kf1 Rad8 18. Kg1 Be8 19. Qg4 Qc7 20. Bf4 d4 21. Bxc4 Bf7 22. Bd3 dxc3 23. Nh4 Nxh4 24. Qxh4 Ne7 25. Rg3 Bg8 26. Qg4 Nf5 27. Rf3 Bh7 28. Rb1 Nd4 29. Rg3 Bxd3 30. cxd3 Rxf4 31. Qg6 Ne2+ 32. Kh2 Nxg3 33. fxg3 Rf5 34. g4 Qxe5+ 0-1

[Event "December 5 Early 2023"]
[Site "https://www.chess.com"]
[Date "2023.12.05"]
[Round "5"]
[White "Romero Arzuaga, Yudel"]
[Black "Belov, Alexei"]
[Result "0-1"]
[Board "145"]
[TimeControl "180+1"]
[WhiteFideId "3521010"]
[BlackFideId "4128206"]
[WhiteElo "2424"]
[BlackElo "2636"]
[WhiteTeam "CUB"]
[BlackTeam "RUS"]
[WhiteClock "0:00:25"]
[BlackClock "0:00:33"]

1. d4 d5 2. c4 e6 3. Nc3 Be7 4. Nf3 Nf6 5. Bg5 Nbd7 6. e3 O-O 7. Rc1 a6 8. Qc2 dxc4 9. Bxc4 c5 10. O-O b5 11. Be2 cxd4 12. Nxd4 Bb7 13. Rfd1 b4 14. Nb1 Rc8 15. Qa4 Nc5 16. Qxb4 Qd5 17. Nf3 Nd3 18. Rxc8 Bxb4 19. Rxf8+ Bxf8 20. Rxd3 Qxa2 21. Nbd2 Qxb2 22. Rb3 Qc1+ 23. Nf1 Qc6 24. h3 Ne4 25. Bf4 f6 26. Rb1 e5 27. Bh2 Qc2 28. Re1 Bb4 29. Bd1 Qxf2+ 0-1

[Event "December 5 Early 2023"]
[Site "https://www.chess.com"]
[Date "2023.12.05"]
[Round "5"]
[White "Parra Gomez, Adrian"]
[Black "Jakubowski, Krzysztof"]
[Result "0-1"]
[Board "146"]
[TimeControl "180+1"]
[WhiteFideId "3513106"]
[BlackFideId "1112848"]
[WhiteElo "2428"]
[BlackElo "2635"]
[WhiteTeam "CUB"]
[BlackTeam "POL"]
[WhiteClock "0:00:00"]
[BlackClock "0:00:49"]

1. d4 Nf6 2. c4 e6 3. Nc3 Bb4 4. f3 d5 5. a3 Bxc3+ 6. bxc3 c5 7. cxd5 exd5 8. e3 O-O 9. Bd3 b6 10. Ne2 Ba6 11. Bxa6 Nxa6 12. O-O Rc8 13. Ra2 Nc7 14. Ng3 Ne6 15. Re2 cxd4 16. cxd4 Qc7 17. e4 Nf4 18. Ree1 N6h5 19. Nxh5 Nxh5 20. e5 g6 21. f4 Qc2 22. Qg4 Ng7 23. Rf3 Rc3 24. Be3 Rfc8 25. Rc1 Qf5 26. Qh4 Rxc1+ 27. Bxc1 Rxc1+ 28. Rf1 Rxf1+ 29. Kxf1 Ne6 30. g3 Qd3+ 31. Kg2 Qxd4 32. Qe7 Qe4+ 33. Kh3 d4 34. Kh4 Qf5 35. g4 Qxf4 0-1

[Event "December 5 Early 2023"]
[Site "https://www.chess.com"]
[Date "2023.12.05"]
[Round "5"]
[White "Cesar Maestre, Bernardo"]
[Black "Degenbaev, Aziz"]
[Result "1-0"]
[Board "147"]
[TimeControl "180+1"]
[WhiteFideId "24542547"]
[BlackFideId "13802640"]
[WhiteElo "2412"]
[BlackElo "2613"]
[WhiteTeam "ESP"]
[BlackTeam "KGZ"]
[WhiteClock "0:00:13"]
[BlackClock "0:00:08"]

1. e4 c5 2. Nf3 Nc6 3. d4 cxd4 4. Nxd4 Nf6 5. Nc3 e5 6. Ndb5 d6 7. Nd5 Nxd5 8. exd5 Nb8 9. a4 Be7 10. Bd2 a6 11. Na3 O-O 12. a5 f5 13. Be2 Nd7 14. Bb4 Nf6 15. Nc4 f4 16. Nxe5 dxe5 17. d6 Bxd6 18. Qxd6 Qxd6 19. Bxd6 Re8 20. O-O Kf7 21. Rfd1 Bf5 22. c4 g5 23. b4 e4 24. c5 e3 25. f3 Be6 26. Rab1 Nd5 27. Rdc1 Bd7 28. Bc4 Bc6 29. Rd1 Kg7 30. Rxd5 e2 31. Kf2 Bxd5 32. Bxd5 Re3 33. Bxb7 Rae8 34. Re1 Rb3 35. Rxe2 Rxe2+ 36. Kxe2 Rb2+ 37. Kd3 Rxg2 38. c6 Rg1 39. c7 Rd1+ 40. Ke4 Rc1 41. Kd5 g4 42. Bc6 gxf3 43. c8=Q f2 44. Qd7+ Kg6 45. Qg4+ Kf7 46. Qf5+ 1-0

[Event "December 5 Early 2023"]
[Site "https://www.chess.com"]
[Date "2023.12.05"]
[Round "5"]
[White "Eggleston, Thomas A"]
[Black "Zhurbinsky, David"]
[Result "0-1"]
[Board "148"]
[TimeControl "180+1"]
[WhiteFideId "412139"]
[BlackFideId "2072904"]
[WhiteElo "2335"]
[BlackElo "2608"]
[WhiteTeam "ENG"]
[BlackTeam "USA"]
[WhiteClock "0:00:00"]
[BlackClock "0:00:08"]

1. e4 e5 2. f4 d5 3. exd5 exf4 4. Nf3 Nf6 5. d4 Nxd5 6. c4 Bb4+ 7. Bd2 Qe7+ 8. Qe2 Ne3 9. Bxb4 Qxb4+ 10. Nc3 O-O 11. a3 Qb3 12. Rc1 Nc6 13. Nd5 Nxd5 14. cxd5 Bg4 15. Kf2 Nxd4 16. Nxd4 Qxd5 17. Qc4 Qg5 18. h4 Qg6 19. Bd3 Qf6 20. Nf3 Qxb2+ 21. Rc2 Qb6+ 22. Qc5 Qb3 23. Rc3 Qb2+ 24. Rc2 Qb3 25. Rc3 Qb2+ 26. Rc2 Qf6 27. Qe5 Qh6 28. Ng5 Rfe8 29. Qxf4 Qb6+ 30. Kg3 Re3+ 31. Kxg4 Rxd3 32. Qe4 Rd4 33. Re1 Rxe4+ 34. Rxe4 h5+ 35. Kxh5 g6+ 0-1

[Event "December 5 Early 2023"]
[Site "https://www.chess.com"]
[Date "2023.12.05"]
[Round "5"]
[White "Ezat, Mohamed"]
[Black "Vigoa Apecheche, Yanira"]
[Result "1-0"]
[Board "149"]
[TimeControl "180+1"]
[WhiteFideId "10600906"]
[BlackFideId "3507041"]
[WhiteElo "2568"]
[BlackElo "2344"]
[WhiteTeam "EGY"]
[BlackTeam "USA"]
[WhiteClock "0:02:23"]
[BlackClock "0:01:29"]

1. e4 c5 2. d4 cxd4 3. c3 d3 4. Bxd3 Nc6 5. Nf3 g6 6. O-O Bg7 7. Re1 Nf6 8. e5 Nd5 9. Bxg6 hxg6 10. Qxd5 Qc7 11. Na3 a6 12. Nc4 e6 13. Nd6+ Kf8 14. Qc5 Kg8 15. Bg5 b6 16. Qc4 Bb7 17. Rad1 Rh5 18. Qf4 Rf8 19. Ne4 Nxe5 20. Nxe5 Bxe5 21. Nf6+ Kh8 22. Rxe5 d6 23. Re3 e5 24. Qg3 Qc6 1-0

[Event "December 5 Early 2023"]
[Site "https://www.chess.com"]
[Date "2023.12.05"]
[Round "5"]
[White "Saravana, Krishnan P."]
[Black "Napoli, Nicolo"]
[Result "1-0"]
[Board "150"]
[TimeControl "180+1"]
[WhiteFideId "5018382"]
[BlackFideId "813702"]
[WhiteElo "2542"]
[BlackElo "2327"]
[WhiteTeam "IND"]
[BlackTeam "ITA"]
[WhiteClock "0:01:19"]
[BlackClock "0:00:04"]

1. e4 c6 2. Nf3 d5 3. exd5 cxd5 4. Ne5 Nc6 5. d4 Nf6 6. Bb5 Qc7 7. O-O Bf5 8. c4 e6 9. Qa4 Rc8 10. Qxa7 Nd7 11. Qa4 Ndxe5 12. dxe5 Bd3 13. Re1 Bxc4 14. Bxc4 dxc4 15. Nc3 Bb4 16. a3 Bxc3 17. bxc3 Qd7 18. Rd1 Qc7 19. Bf4 O-O 20. Qxc4 Na5 21. Qb4 Qxc3 22. Qxc3 Rxc3 23. Bd2 Rc5 24. Bb4 Rb5 25. Bxf8 Kxf8 26. Rac1 Nc6 27. f4 Rb3 28. Rd7 Ke8 29. Rc7 g6 30. g3 Rb2 31. a4 Nd4 32. Rc8+ Ke7 33. R1c7# 1-0

[Event "December 5 Early 2023"]
[Site "https://www.chess.com"]
[Date "2023.12.05"]
[Round "5"]
[White "Chirivi C, Jenny Astrid"]
[Black "Baches Garcia, Guillermo"]
[Result "0-1"]
[Board "151"]
[TimeControl "180+1"]
[WhiteFideId "4403061"]
[BlackFideId "2209764"]
[WhiteElo "2317"]
[BlackElo "2525"]
[WhiteTeam "COL"]
[BlackTeam "ESP"]
[WhiteClock "0:00:07"]
[BlackClock "0:00:36"]

1. d4 d5 2. c4 e6 3. Nc3 a6 4. Bf4 Nf6 5. e3 Bd6 6. Be5 c5 7. Nf3 cxd4 8. exd4 Nc6 9. cxd5 exd5 10. Be2 O-O 11. O-O Re8 12. Bxf6 Qxf6 13. Nxd5 Qh6 14. g3 Bg4 15. Re1 Bxf3 16. Bxf3 Rxe1+ 17. Qxe1 Nxd4 18. Bg2 Nc2 19. Ne7+ Bxe7 20. Qxe7 Nxa1 21. Qxb7 Qc1+ 22. Bf1 Rd8 23. Kg2 Nc2 24. h4 Ne1+ 25. Kh2 Nf3+ 26. Kg2 Ne1+ 27. Kh2 Qd2 28. Qb6 a5 29. Ba6 Qd4 30. Qxd4 Rxd4 31. a3 Rd2 0-1

[Event "December 5 Early 2023"]
[Site "https://www.chess.com"]
[Date "2023.12.05"]
[Round "5"]
[White "Senft, Sean"]
[Black "Barbot, Pierre"]
[Result "0-1"]
[Board "152"]
[TimeControl "180+1"]
[WhiteFideId "2044960"]
[BlackFideId "663727"]
[WhiteElo "2501"]
[BlackElo "2306"]
[WhiteTeam "USA"]
[BlackTeam "FRA"]
[WhiteClock "0:02:34"]
[BlackClock "0:00:06"]

1. d4 Nf6 2. c4 g6 3. Nc3 d5 4. Bg5 Ne4 5. Bh4 Nxc3 6. bxc3 Bg7 7. e3 O-O 8. cxd5 Qxd5 9. Qb3 Qh5 10. Bxe7 Re8 11. Ba3 Be6 12. Qd1 Qd5 13. Nf3 Nd7 14. Be2 c5 15. O-O cxd4 16. cxd4 Rac8 17. Qd2 Nb6 18. Rfc1 Nc4 19. Bxc4 Rxc4 20. Rxc4 Qxc4 21. Qb4 b5 22. Qxc4 bxc4 23. Bb4 Rb8 24. a3 Rb5 25. Rc1 a5 26. Bc5 Rb2 27. Bb6 Rxb6 28. h3 Rb3 29. Nd2 Rxa3 30. Nb1 Ra1 31. Kf1 Bf8 32. Ke1 Bb4+ 33. Kd1 a4 34. Kc2 Bf5+ 35. Kb2 Rxb1+ 36. Rxb1 Bxb1 37. Kxb1 Kf8 38. e4 c3 39. f4 Ke7 40. d5 Kd6 41. g4 Kc5 42. h4 Kd4 43. Kc2 Kxe4 44. f5 gxf5 45. g5 f4 46. h5 Kf5 47. d6 Bxd6 48. g6 f6 49. h6 Kxg6 50. Kd3 Kxh6 51. Ke2 Kg5 52. Kf3 Be5 53. Ke2 a3 54. Kd3 a2 55. Kc2 a1=Q 56. Kb3 Qb2+ 57. Kc4 Qb6 58. Kd5 Qd6+ 0-1

[Event "December 5 Early 2023"]
[Site "https://www.chess.com"]
[Date "2023.12.05"]
[Round "5"]
[White "Shubhi Gupta"]
[Black "Bold, Andre"]
[Result "0-1"]
[Board "153"]
[TimeControl "180+1"]
[WhiteFideId "25195425"]
[BlackFideId "16208471"]
[WhiteElo "2296"]
[BlackElo "2486"]
[WhiteTeam "IND"]
[BlackTeam "GER"]
[WhiteClock "0:00:18"]
[BlackClock "0:01:32"]

1. d4 d5 2. Nf3 Nf6 3. Bg5 c6 4. Nbd2 Bf5 5. e3 Nbd7 6. Bd3 Bxd3 7. cxd3 e6 8. e4 Be7 9. e5 Ng8 10. Be3 Qb6 11. Nb3 a5 12. Qc2 a4 13. Nc5 Bxc5 14. dxc5 Qb5 15. O-O Ne7 16. d4 h6 17. b3 axb3 18. axb3 O-O 19. Qc3 Nf5 20. b4 b6 21. Nd2 Ra4 22. Rxa4 Qxa4 23. Ra1 Qb5 24. g4 Nxe3 25. fxe3 bxc5 26. bxc5 Rb8 27. Ra7 Nf8 28. e4 Qe2 29. exd5 exd5 30. Ra1 Qxg4+ 31. Qg3 Qxd4+ 0-1

[Event "December 5 Early 2023"]
[Site "https://www.chess.com"]
[Date "2023.12.05"]
[Round "5"]
[White "Cardozo Munar, Carlos Eduardo"]
[Black "Dobre, Claudiu-Cristian"]
[Result "0-1"]
[Board "154"]
[TimeControl "180+1"]
[WhiteFideId "4409477"]
[BlackFideId "1211854"]
[WhiteElo "2284"]
[BlackElo "2482"]
[WhiteTeam "COL"]
[BlackTeam "ROU"]
[WhiteClock "0:00:00"]
[BlackClock "0:00:05"]

1. d4 d5 2. c3 Nf6 3. Bg5 Ne4 4. h4 c5 5. dxc5 Nxg5 6. hxg5 e6 7. Nf3 Bxc5 8. e3 Nc6 9. Bd3 e5 10. g6 e4 11. Rxh7 O-O 12. Nh4 fxg6 13. Nxg6 Kxh7 14. Nxf8+ Bxf8 15. Qh5+ Kg8 16. Bc2 Be6 17. Nd2 Qf6 18. O-O-O Qxf2 19. Rh1 Qxe3 20. Qh8+ Kf7 21. Qh5+ Ke7 22. Bb3 Kd7 23. Bxd5 Bxd5 24. Qxd5+ Kc7 25. Rh8 Rd8 26. Qf7+ Be7 27. Rxd8 Kxd8 28. Qg8+ Kd7 29. Qxg7 Qd3 30. Qg4+ Kc7 31. Qxe4 Qxe4 32. Nxe4 Ne5 33. Kc2 Kd7 34. a4 Ke6 35. b4 Kd5 0-1

[Event "December 5 Early 2023"]
[Site "https://www.chess.com"]
[Date "2023.12.05"]
[Round "5"]
[White "Sami, Sama"]
[Black "Grochal, Joey"]
[Result "0-1"]
[Board "155"]
[TimeControl "180+1"]
[WhiteFideId "4802926"]
[BlackFideId "1019945"]
[WhiteElo "2263"]
[BlackElo "2479"]
[WhiteTeam "IRQ"]
[BlackTeam "NED"]
[WhiteClock "0:00:59"]
[BlackClock "0:01:21"]

1. e4 c5 2. Nf3 e6 3. b3 Nf6 4. e5 Nd5 5. c4 Ne7 6. Bb2 Nbc6 7. d4 cxd4 8. Bxd4 Nxd4 9. Nxd4 Qa5+ 10. Qd2 Qxe5+ 11. Be2 Nc6 12. Nb5 Qxa1 13. O-O Qe5 14. f4 Bc5+ 15. Kh1 Qb8 16. N1c3 a6 17. Ne4 axb5 18. cxb5 Be7 19. bxc6 bxc6 20. Ng5 h6 21. Nf3 O-O 22. Ne5 Bf6 23. Nc4 d5 24. Ne3 Ba6 25. Ng4 Qd8 26. Rc1 Bxe2 27. Qxe2 Rc8 28. a4 c5 29. Qb5 c4 30. bxc4 dxc4 31. a5 Qd5 32. Qb4 c3 33. a6 c2 34. Ne3 Qd4 35. Qb3 Rfd8 36. h3 Qxe3 37. Qxe3 Rd1+ 38. Kh2 Rxc1 39. Qxc1 Bb2 40. Qxb2 c1=Q 41. Qb4 Qc4 42. Qb7 Qxf4+ 43. g3 Rc2+ 0-1

[Event "December 5 Early 2023"]
[Site "https://www.chess.com"]
[Date "2023.12.05"]
[Round "5"]
[White "De Souza, Cristiano Gomes"]
[Black "Kaplan, Avi Harrison"]
[Result "1-0"]
[Board "156"]
[TimeControl "180+1"]
[WhiteFideId "2151758"]
[BlackFideId "30934559"]
[WhiteElo "2267"]
[BlackElo "2479"]
[WhiteTeam "BRA"]
[BlackTeam "USA"]
[WhiteClock "0:00:49"]
[BlackClock "0:00:00"]

1. d4 Nf6 2. c4 g6 3. Nc3 Bg7 4. e4 d6 5. Be2 O-O 6. Nf3 Nc6 7. O-O e5 8. d5 Ne7 9. Ne1 a5 10. Be3 Nd7 11. Nd3 b6 12. a3 f5 13. f3 Nc5 14. b4 Na6 15. Rb1 h6 16. c5 g5 17. Nb5 g4 18. cxb6 cxb6 19. bxa5 bxa5 20. Nb2 gxf3 21. Bxf3 Rb8 22. Nc4 Rf6 23. Qa4 Bd7 24. Nxa5 fxe4 25. Bxe4 Rxf1+ 26. Kxf1 Nc7 27. Nc6 Bxc6 28. dxc6 d5 29. Nxc7 Qxc7 30. Rxb8+ Qxb8 31. Bxd5+ Nxd5 32. Qc4 Qf8+ 33. Ke2 Qf7 34. Kd3 e4+ 35. Qxe4 Nf6 36. Qc4 Qxc4+ 37. Kxc4 Ng4 38. Bb6 Ne5+ 39. Kd5 Nxc6 40. Kxc6 Bc3 41. a4 Kg7 42. a5 Bxa5 43. Bxa5 Kg6 44. Kd5 Kg5 45. Ke4 Kg4 46. Bd2 h5 47. Bf4 h4 48. h3+ Kh5 49. Kf3 Kg6 50. Kg4 Kg7 51. Kxh4 Kh7 52. Kg4 Kg6 53. h4 Kh7 54. Kf5 Kg7 55. h5 Kf7 56. g4 Kf8 57. g5 Kg8 58. g6 Kg7 59. h6+ Kh8 60. Be5+ Kg8 61. h7+ 1-0

[Event "December 5 Early 2023"]
[Site "https://www.chess.com"]
[Date "2023.12.05"]
[Round "5"]
[White "Petrukhina, Olga"]
[Black "NovakRatko"]
[Result "0-1"]
[Board "157"]
[TimeControl "180+1"]
[WhiteFideId "13703935"]
[WhiteElo "2231"]
[BlackElo "2476"]
[WhiteTeam "KAZ"]
[WhiteClock "0:00:00"]
[BlackClock "0:00:03"]

1. d4 d5 2. c4 c5 3. cxd5 Qxd5 4. Nf3 cxd4 5. Qxd4 Nf6 6. Nc3 Qa5 7. e4 Nc6 8. Qc4 Be6 9. Qb5 O-O-O 10. Qxa5 Nxa5 11. Be3 Kb8 12. Bf4+ Ka8 13. Be2 Rc8 14. Nb5 Ne8 15. Ng5 Bc4 16. Bxc4 Nxc4 17. Nxf7 Rg8 18. b3 e5 19. Nxe5 Bb4+ 20. Ke2 Nxe5 21. Bxe5 Rc2+ 22. Ke3 a6 23. Rac1 Rxc1 24. Rxc1 axb5 25. Rc8+ Ka7 26. Bd4+ b6 27. e5 Kb7 28. Rd8 Bc5 29. f4 Bxd4+ 30. Kxd4 Nf6 31. Rxg8 Nxg8 32. Kd5 Kc7 33. Ke6 Nh6 34. h3 b4 35. g4 g6 36. f5 gxf5 37. gxf5 Kd8 38. f6 Ke8 39. h4 Nf7 0-1

[Event "December 5 Early 2023"]
[Site "https://www.chess.com"]
[Date "2023.12.05"]
[Round "5"]
[White "Mizzi, Jack"]
[Black "Zoete, Roelant"]
[Result "0-1"]
[Board "158"]
[TimeControl "180+1"]
[WhiteFideId "5602521"]
[BlackFideId "40103269"]
[WhiteElo "2459"]
[BlackElo "2233"]
[WhiteTeam "MLT"]
[BlackTeam "NED"]
[WhiteClock "0:00:02"]
[BlackClock "0:00:04"]

1. d4 d5 2. c4 e6 3. Nf3 Nf6 4. g3 Be7 5. Bg2 O-O 6. O-O b6 7. Nbd2 Bb7 8. Qc2 c5 9. Rd1 Nc6 10. dxc5 Bxc5 11. Nb3 Qe7 12. cxd5 Nxd5 13. Nxc5 bxc5 14. e4 Ndb4 15. Qb1 Rfd8 16. Be3 Nd4 17. Nxd4 cxd4 18. Bxd4 Rd7 19. a3 Nc6 20. Bc3 Rad8 21. Qc2 Nd4 22. Bxd4 Rxd4 23. Rxd4 Rxd4 24. Rd1 Rxd1+ 25. Qxd1 h6 26. e5 Bxg2 27. Kxg2 Qb7+ 28. Qf3 Qxb2 29. Qa8+ Kh7 30. Qxa7 Qxe5 31. Qb7 Kg6 32. a4 Qa5 33. Qb5 Qa8+ 34. f3 Qd8 35. a5 Qd2+ 36. Kh3 Qd1 37. a6 Qxf3 38. a7 f5 39. Qe8+ Kg5 40. Qe7+ Kh5 41. Qf7+ g6 42. Qxe6 Qf1# 0-1

[Event "December 5 Early 2023"]
[Site "https://www.chess.com"]
[Date "2023.12.05"]
[Round "5"]
[White "Kleibel, Uwe"]
[Black "GMVignirVatnar"]
[Result "0-1"]
[Board "159"]
[TimeControl "180+1"]
[WhiteFideId "1270982"]
[WhiteElo "2366"]
[BlackElo "2758"]
[WhiteTeam "GER"]
[WhiteClock "0:01:45"]
[BlackClock "0:02:16"]

1. e4 c5 2. Nf3 d6 3. Bc4 Nf6 4. d3 Nc6 5. O-O a6 6. c3 b5 7. Bb3 Bb7 8. Re1 e6 9. d4 Be7 10. h3 Rc8 11. Nbd2 cxd4 12. cxd4 Nb4 13. Nf1 Bxe4 14. Ng3 Bc2 15. Qd2 Bxb3 16. Qxb4 Bd5 17. a4 Bxf3 18. gxf3 Nd5 0-1

[Event "December 5 Early 2023"]
[Site "https://www.chess.com"]
[Date "2023.12.05"]
[Round "5"]
[White "Ginzburg, Yakov"]
[Black "Melikhov, Evgeny V."]
[Result "0-1"]
[Board "160"]
[TimeControl "180+1"]
[WhiteFideId "4157176"]
[BlackFideId "4122046"]
[WhiteElo "2578"]
[BlackElo "2362"]
[WhiteTeam "RUS"]
[BlackTeam "GRE"]
[WhiteClock "0:00:10"]
[BlackClock "0:01:20"]

1. d4 Nf6 2. Nf3 d5 3. c4 e6 4. g3 dxc4 5. Bg2 Nc6 6. O-O Rb8 7. Ne5 Nxe5 8. dxe5 Nd7 9. Qa4 a6 10. Rd1 Be7 11. Qxc4 O-O 12. Qc2 c5 13. Nc3 Qc7 14. f3 Nxe5 15. f4 Nc6 16. Be3 b6 17. f5 Bb7 18. fxe6 fxe6 19. Bh3 Nb4 20. Qd2 Qc6 21. Bxe6+ Qxe6 22. Bf4 Rbd8 0-1

[Event "December 5 Early 2023"]
[Site "https://www.chess.com"]
[Date "2023.12.05"]
[Round "5"]
[White "Yezhel, Valiantsin"]
[Black "Kolmagorov, Alexey"]
[Result "0-1"]
[Board "161"]
[TimeControl "180+1"]
[WhiteFideId "13504983"]
[BlackFideId "34129402"]
[WhiteElo "2573"]
[BlackElo "2356"]
[WhiteTeam "FID"]
[BlackTeam "RUS"]
[WhiteClock "0:01:13"]
[BlackClock "0:00:10"]

1. g4 d5 2. Bg2 c6 3. h3 e5 4. d4 e4 5. c4 Bd6 6. Nc3 Ne7 7. Qb3 h5 8. g5 a6 9. cxd5 cxd5 10. h4 Nbc6 11. e3 Na5 12. Qd1 Bg4 13. Nge2 Qd7 14. Qa4 Nac6 15. Bd2 O-O 16. a3 b5 17. Qd1 Rfb8 18. Na2 a5 19. Rc1 b4 20. a4 b3 21. Nac3 Nb4 22. O-O Nd3 23. Rb1 Nf5 24. f3 exf3 25. Bxf3 Nxh4 26. Nf4 Bxf3 27. Rxf3 Qg4+ 28. Kf1 Nxf3 29. Ncxd5 Nh2# 0-1

[Event "December 5 Early 2023"]
[Site "https://www.chess.com"]
[Date "2023.12.05"]
[Round "5"]
[White "Iskusnyh, Sergei"]
[Black "Buscar, Michael"]
[Result "1-0"]
[Board "163"]
[TimeControl "180+1"]
[WhiteFideId "4120027"]
[BlackFideId "2603616"]
[WhiteElo "2539"]
[BlackElo "2346"]
[WhiteTeam "RUS"]
[BlackTeam "CAN"]
[WhiteClock "0:00:32"]
[BlackClock "0:00:00"]

1. d4 d5 2. c4 e6 3. Nf3 c5 4. cxd5 exd5 5. g3 Nc6 6. Bg2 Nf6 7. O-O Be7 8. dxc5 Bxc5 9. a3 O-O 10. b4 Be7 11. Nc3 Bg4 12. Bb2 Rc8 13. Rc1 Qd6 14. Nb5 Qe6 15. Nbd4 Nxd4 16. Nxd4 Qd7 17. Qd3 Bh3 18. Bxh3 Qxh3 19. Qf5 Ng4 20. Nf3 Nxf2 21. Qxd5 Rxc1 22. Rxc1 Ng4 23. Qf5 g6 24. Qe4 Bf6 25. Bxf6 Nxf6 26. Qf4 Qe6 27. Qe5 Qb6+ 28. Qc5 Qa6 29. b5 Qa5 30. Qc3 Qb6+ 31. Qd4 Qe6 32. Qe5 Qb6+ 33. Qc5 Qe6 34. Nd4 Qe3+ 35. Kf1 Ne4 36. Nf5 Nd2+ 37. Ke1 Nf3+ 38. Kf1 Nxh2+ 39. Kg2 Qxe2+ 40. Kh3 gxf5 41. Qxf5 1-0

[Event "December 5 Early 2023"]
[Site "https://www.chess.com"]
[Date "2023.12.05"]
[Round "5"]
[White "Rogov, Matfey"]
[Black "Mohammed, Zozek Salah Mohammed"]
[Result "0-1"]
[Board "164"]
[TimeControl "180+1"]
[WhiteFideId "44191308"]
[BlackFideId "4803361"]
[WhiteElo "2534"]
[BlackElo "2334"]
[WhiteTeam "RUS"]
[BlackTeam "IRQ"]
[WhiteClock "0:00:03"]
[BlackClock "0:01:04"]

1. e4 e6 2. d4 d5 3. Nc3 Nf6 4. e5 Nfd7 5. f4 c5 6. Nf3 Nc6 7. Be3 a6 8. Qd2 b5 9. dxc5 Bxc5 10. h4 Qb6 11. Bxc5 Nxc5 12. a3 b4 13. axb4 Nxb4 14. Na4 Nxa4 15. Rxa4 a5 16. c3 Na6 17. Bd3 Nc5 18. Ra2 Qb3 19. Bb1 Ne4 20. Qc2 Qb6 21. Qa4+ Bd7 22. Qd4 Qb3 23. O-O O-O 24. Ng5 Nxg5 25. hxg5 Rfb8 26. Rf3 Qb6 27. Qxb6 Rxb6 28. Rh3 g6 29. Rd3 Bb5 30. Rd2 Bc4 31. Ra3 a4 32. Ba2 Bb3 33. Bxb3 Rxb3 34. Rxb3 axb3 35. Rd4 Ra2 36. Rb4 Rxb2 37. Kh2 Kg7 38. Rb7 Rf2 39. Kg3 Rb2 40. Kh3 h6 41. gxh6+ Kxh6 42. Rxf7 Rc2 43. Rb7 Rxc3+ 44. Kh4 Rc4 45. g4 Rxf4 46. Rxb3 Re4 47. Rb6 Rxe5 48. Rb7 Re4 49. Kg3 Kg5 50. Re7 Rxg4+ 51. Kf3 Re4 52. Kg3 Re3+ 53. Kf2 d4 54. Rxe6 Rxe6 0-1

[Event "December 5 Early 2023"]
[Site "https://www.chess.com"]
[Date "2023.12.05"]
[Round "5"]
[White "O`Gorman, Tom"]
[Black "Hernandez Jimenez, Alexander Andres"]
[Result "0-1"]
[Board "165"]
[TimeControl "180+1"]
[WhiteFideId "2508249"]
[BlackFideId "3900452"]
[WhiteElo "2531"]
[BlackElo "2329"]
[WhiteTeam "IRL"]
[BlackTeam "VEN"]
[WhiteClock "0:01:02"]
[BlackClock "0:00:27"]

1. c4 Nf6 2. Nc3 c5 3. g3 e6 4. Bg2 d5 5. d3 b6 6. Nf3 Bb7 7. O-O Be7 8. Ne5 O-O 9. b3 Nbd7 10. Nxd7 Qxd7 11. Bb2 d4 12. Nb1 Bxg2 13. Kxg2 Qc6+ 14. Kg1 h5 15. Nd2 h4 16. Nf3 hxg3 17. hxg3 Bd6 18. Qd2 e5 19. e4 dxe3 20. Qxe3 Rae8 21. Nd2 g6 22. Ne4 Bb8 23. Qf3 Kg7 24. Rfe1 Re6 25. Kg2 Rh8 26. Nxf6 Qxf3+ 27. Kxf3 Rxf6+ 28. Kg2 Re6 29. f4 f6 30. Re4 Rd8 31. Re3 Kf7 32. Rae1 Rde8 33. fxe5 Bxe5 34. Bxe5 Rxe5 35. Rxe5 fxe5 36. Rxe5 Rxe5 0-1